 Dungeon Crawl Stone Soup version 0.28.0-53-g5a82cb258f (webtiles) character file.

Game seed: 7811631093609628566

352 cbfl8 the Chopper (level 6, -1/84 HPs)
             Began as a Minotaur Berserker on Aug 25, 2022.
             Was a Believer of Trog.
             Slain by an ogre
             ... wielding a +0 giant spiked club
              (10 damage)
             ... on level 4 of the Dungeon.
             The game lasted 00:02:37 (2977 turns).

cbfl8 the Chopper (Minotaur Berserker)              Turns: 2977, Time: 00:02:37

Health: -1/84      AC: 23    Str: 18 (21) XL:     6   Next: 34%
Magic:  5/5        EV:  2    Int:  3 (4)  God:    Trog [**....]
Gold:   1          SH:  0    Dex: 11 (12) Spells: 5/5 levels left

rFire   . . .      SeeInvis .   l - +0 broad axe
rCold   . . .      Faith    .   (no shield)
rNeg    . . .      Spirit   .   (armour currently unavailable)
rPois   +          Reflect  .   (helmet currently unavailable)
rElec   .          Harm     .   (cloak currently unavailable)
rCorr   .          Rampage  .   (gloves currently unavailable)
Will    .....      NoTele   +   (boots currently unavailable)
Stlth   ++........              (no amulet)
HPRegen 0.24/turn               (no ring)
MPRegen 0.09/turn               (no ring)

@: tree-form, on berserk cooldown, slowed, very slow
A: stationary, stasis, torment immunity, boosted hp, (horns 2), (retaliatory
headbutt)
a: Renounce Religion, Berserk, Trog's Hand


You were on level 4 of the Dungeon.
You worshipped Trog.
Trog was pleased with you.
You were a tree.
You visited 1 branch of the dungeon, and saw 4 of its levels.

You collected 45 gold pieces.
You spent 44 gold pieces at shops.

Inventory:

Hand Weapons
 l - a +0 broad axe (weapon)
Armour
 b - a +0 animal skin (melded)
 j - a +0 pair of boots (melded)
Wands
 a - a wand of mindburst (3)
Scrolls
 c - 2 scrolls of identify {unknown}
 i - a scroll of acquirement {unknown}
 k - a scroll of vulnerability {unknown}
Potions
 f - 2 potions of degeneration
 g - a potion of haste
 h - 2 potions of attraction {unknown}


   Skills:
 * Level 5.3 Fighting
 * Level 5.9 Axes
 + Level 2.5 Armour
 * Level 3.3 Dodging
 * Level 1.9 Stealth
 * Level 1.5 Evocations


You had 5 spell levels left.
You didn't know any spells.
Your spell library was empty.

Dungeon Overview and Level Annotations

Branches:
Dungeon (4/15)
 Temple: D:4-7

Altars:
Kikubaaqudgha

Shops:
D:3 (


Innate Abilities, Weirdness & Mutations

You are a tree.
Your roots penetrate the ground, keeping you stationary.
You cannot be teleported.
You are immune to unholy pain and torment.
Your maximum health is greatly increased.
Your equipment is partially melded.
((You have a pair of horns on your head.))
((You reflexively headbutt those who attack you in melee.))


Message History

An ogre comes into view. It is wielding a +0 giant spiked club.
An ogre is nearby!
An ogre is nearby!
It was a potion of degeneration.
There was something very wrong with that liquid.
You feel weakened.
You feel dopey.
You feel clumsy.
The ogre shouts!
It was a potion of lignification.
You turn into a tree.
Your +0 pair of boots melds into your body.
Your +0 animal skin melds into your body.
Your roots penetrate the ground.
The ogre hits you with a +0 giant spiked club.
* * * LOW HITPOINT WARNING * * *
It was a potion of heal wounds.
You feel much better. The ogre hits you but does no damage.
You feel much better.
The ogre hits you with a +0 giant spiked club!
You're still recovering from your berserk rage.
You hit the ogre.
The ogre is lightly wounded.
The ogre hits you but does no damage.
You slash the ogre!
The ogre is heavily wounded.
The ogre hits you with a +0 giant spiked club!! x2
You hit the ogre.
The ogre is heavily wounded.
The ogre hits you with a +0 giant spiked club.
You barely miss the ogre.
The ogre is heavily wounded.
The ogre hits you with a +0 giant spiked club!
* * * LOW HITPOINT WARNING * * *
The ogre hits you but does no damage.
You slash the ogre!
The ogre is severely wounded.
The ogre hits you with a +0 giant spiked club!
* * * LOW HITPOINT WARNING * * *
You hit the ogre.
The ogre is almost dead.
The ogre hits you with a +0 giant spiked club!
You die...

#. #. #.#
..##.###.# ##
#......#.##.# #
#...........#...
#....#........
#.#..†)†...#
#.#...##......
#.#.#O# .....
#.#.#♣# ....
#.#.#:##..####
#<...†.......
#####†...####
#[...# #....#
#....# #....#
#..###


You could see an ogre.

Vanquished Creatures
  A kobold brigand (D:4)
  A scorpion (D:4)
  A hound (D:3)
  Natasha (thrice) (D:2)
  4 adders
  2 worms (D:2)
  2 dart slugs
  2 orcs
  7 bats
  An endoplasm (D:1)
  3 giant cockroaches
  5 goblins
  7 hobgoblins
  9 jackals
  4 kobolds
  A quokka (D:1)
  10 ball pythons
  3 frilled lizards
  3 rats
69 creatures vanquished.

Notes
Turn   | Place    | Note
-------+----------+-------------------------------------------
     0 | D:1      | cbfl8 the Minotaur Berserker began the quest for the Orb.
     0 | D:1      | Reached XP level 1. HP: 19/19 MP: 0/0
   161 | D:1      | Reached XP level 2. HP: 25/27 MP: 1/1
   740 | D:1      | Found a faded altar of an unknown god.
   746 | D:1      | Reached XP level 3. HP: 28/33 MP: 2/2
   831 | D:2      | Found an ancient bone altar of Kikubaaqudgha.
   902 | D:2      | Noticed Natasha
   911 | D:2      | Killed Natasha
  1336 | D:2      | Reached XP level 4. HP: 41/41 MP: 3/3
  1416 | D:2      | Noticed Natasha
  1425 | D:2      | Killed Natasha
  1426 | D:2      | Reached skill level 1 in Stealth
  1507 | D:2      | Reached ** piety under Trog
  1552 | D:2      | Noticed Natasha
  1558 | D:2      | Killed Natasha
  1559 | D:2      | Reached skill level 5 in Axes
  1559 | D:2      | Reached skill level 1 in Evocations
  1617 | D:2      | Reached XP level 5. HP: 45/47 MP: 4/4
  2179 | D:3      | Reached skill level 5 in Fighting
  2295 | D:3      | Found Etobeck's Weapon Shop.
  2316 | D:3      | Bought a +0 broad axe for 44 gold pieces
  2951 | D:4      | Reached XP level 6. HP: 22/56 MP: 5/5
  2977 | D:4      | Slain by an ogre

Illustrated notes

Levels and vault maps discovered:
D:1:      minmay_arrival_four_circles, layout_loops_ring,
          hellmonk_ecumenical_altar_prayer_group
D:2:      layout_loops_corners, basic_altar, uniq_natasha
D:3:      layout_basic, serial_shops, shop
D:4:      kennysheep_the_goblin_king, layout_basic, fiery_altar_vehumet,
          uniq_grinder

Skill      XL: |  1  2  3  4  5 |
---------------+----------------+-----
Fighting       | 4 5 |  5.3
Axes           | 4 5 |  5.9
Stealth        | 1 |  1.9
Evocations     | 1 |  1.5
Dodging        | 3 |  3.3
Armour         | |  2.5

Action                   |  1- 3 |  4- 6 || total
-------------------------+-------+-------++-------
Melee: Hand axe          |    40 |    58 ||    98
       Headbutt          |     5 |    14 ||    19
       Broad axe         |       |    33 ||    33
       Punch             |       |     3 ||     3
Invok: Berserk           |     1 |     1 ||     2
  Use: Potion            |       |     4 ||     4
 Stab: Sleeping          |       |     1 ||     1
Armor: Animal skin       |    14 |    21 ||    35
       Skin              |       |     3 ||     3
Dodge: Dodged            |    38 |    63 ||   101
